 Dungeon Crawl Stone Soup version 0.31-a0-986-g5e6e4ef867 (webtiles) character file.

Game seed: 10774362708447670896

1054 wildpjah the Carver (level 8, -2/64 HPs)
             Began as a Barachi Fighter on Nov 2, 2023.
             Was an Initiate of Cheibriados.
             Succumbed to a water moccasin's poison
             ... on level 6 of the Dungeon on Nov 6, 2023.
             The game lasted 00:07:59 (3676 turns).

wildpjah the Carver (Barachi Fighter)               Turns: 3676, Time: 00:07:59

Health: -2/64      AC:  8    Str: 18    XL:     8   Next: 26%
Magic:  8/8        EV: 10    Int: 10    God:    Cheibriados [......]
Gold:   198        SH:  0    Dex: 15    Spells: 7/7 levels left

rFire   . . .        w - +0 great sword (heavy)
rCold   . . .        (shield currently unavailable)
rNeg    . . .        b - +0 scale mail
rPois   .            A - +0 helmet
rElec   .            (no cloak)
rCorr   .            (no gloves)
SInv    .            (no boots)
Will    .....        (no amulet) Stlth
                     (no ring)
HPRegen 0.30/turn    (no ring)
MPRegen 0.11/turn

%: no passive effects
@: mighty, lethally poisoned (-2 -> -28), very slow
A: amphibious, slowness 1, strong legs 1, +LOS
a: Hop, Renounce Religion


You were on level 6 of the Dungeon.
You worshipped Cheibriados.
Cheibriados was noncommittal.
You visited 2 branches of the dungeon, and saw 7 of its levels.

You collected 198 gold pieces.

Inventory:

Hand Weapons
 a - a +0 long sword
 v - a +2 dagger of holy wrath
 w - a +0 heavy great sword (weapon)
Armour
 b - a +0 scale mail (worn)
 c - a +0 buckler
 A - a +0 helmet (worn)
Jewellery
 j - a ring of resist corrosion
 q - a ring of willpower
Wands
 u - a wand of mindburst (12)
Scrolls
 e - 4 scrolls of enchant weapon {unknown}
 f - a scroll of amnesia {unknown}
 h - 3 scrolls of blinking {unknown}
 i - a scroll of fear {unknown}
 o - 4 scrolls of teleportation {unknown}
 p - 2 scrolls of identify {unknown}
 r - 2 scrolls of fog {unknown}
 t - a scroll of brand weapon {unknown}
 x - a scroll of poison {unknown}
 y - a scroll of enchant armour {unknown}
 B - a scroll of revelation {unknown}
 C - a scroll of silence {unknown}
Potions
 d - a potion of might
 g - 2 potions of haste {unknown}
 k - a potion of mutation {unknown}
 l - a potion of ambrosia {unknown}
 m - 3 potions of curing {unknown}
 n - a potion of enlightenment {unknown}
 s - a potion of cancellation {unknown}
 z - a potion of magic {unknown}


   Skills:
 + Level 5.9 Fighting
 + Level 8.2 Long Blades
 + Level 6.2 Armour
 + Level 2.3 Dodging
 + Level 4.1 Shields


You had 7 spell levels left.
You didn't know any spells.
Your spell library contained the following spells:

 Spells                   Type           Power      Damage    Failure   Level
 Necrotise                Necr           0%         1d4       73%         1
 Vampiric Draining        Necr           0%         2d6       97%         3
 Agony                    Necr           0%         N/A       100%        5
 Iskenderun's Battlesphe  Conj           0%         2d6       100%        5
 Bombard                  Conj/Erth      0%         9d1       100%        6
 Spellforged Servitor     Conj/Summ      0%         N/A       100%        7


Dungeon Overview and Level Annotations

Branches:
Dungeon (6/15)             Temple (1/1) D:5

Altars:
Ashenzari
Cheibriados
Dithmenos
Elyvilon
Fedhas
Gozag
Hepliaklqana
Kikubaaqudgha
Makhleb
Nemelex Xobeh
Okawaru
Qazlal
Trog
Vehumet
Wu Jian
Xom
Zin
The Shining One

Shops:
D:6 !


Innate Abilities, Weirdness & Mutations

You are amphibious.
You cover ground slowly.
You can hop short distances.
You have an extended range of vision and can be seen from far away.


Message History

Found two stone staircases leading up and a stone staircase leading down.
There is a stone staircase leading up here.
The howler monkey hoots and howls with incredible vigour!
You hear an angry hiss.
You hit the water moccasin.
The water moccasin is lightly wounded.
The water moccasin bites you but does no damage. x2
The water moccasin misses you.
You barely miss the water moccasin.
The water moccasin is lightly wounded.
The sky beast flickers out of sight!
Deactivating autopickup; reactivate with Ctrl-A.
Something hits you. Something shocks you. The water moccasin bites you.
The howler monkey hoots and howls with incredible vigour!
Something hits you. Something shocks you. The water moccasin bites you.
You are poisoned.
The water moccasin poisons you!
The howler monkey hoots and howls with incredible vigour!
Something shouts, "Slither away, thou rough-hewn idle-headed bounder!"
You hear a shout! x5
You feel very mighty all of a sudden.
You feel sick. The water moccasin barely misses you. Something hits you.
Something shocks you. The water moccasin bites you.
You are more poisoned.
The water moccasin poisons you!
You barely miss the water moccasin.
The water moccasin is lightly wounded.
You feel very sick. Something hits you but does no damage.
The water moccasin bites you!
* * * LOW HITPOINT WARNING * * *
The water moccasin bites you.
* * * LOW HITPOINT WARNING * * *
You are more poisoned.
The water moccasin poisons you! Something hits you.
* * * LOW HITPOINT WARNING * * *
Something shocks you.
* * * LOW HITPOINT WARNING * * *
You barely miss the water moccasin.
The water moccasin is lightly wounded.
You die...

# .# #.#
#########..##
##....@#.....##
#....h{S<.....#
#...............#
#................#
#.................
#...............##
#.?..<.........<#
#........∩......#
##.......>.....##


You could see a water moccasin and a howler monkey.

Vanquished Creatures
  Pikel (D:5)
  An ice beast (D:5)
  An ogre (D:4)
  A scorpion (D:5)
  A hound (D:5)
  A jelly (D:5)
  An iguana (D:5)
  A sleepcap (D:5)
  A gnoll (D:1)
  9 adders
  A shadow imp (D:5)
  A white imp (D:5)
  5 worms
  A dart slug (D:2)
  9 orcs
  7 bats
  3 endoplasms
  4 giant cockroaches
  9 goblins
  5 hobgoblins
  8 jackals (D:1)
  9 kobolds
  A quokka (D:4)
  6 ball pythons
  6 frilled lizards
  5 rats
98 creatures vanquished.

Notes
Turn   | Place    | Note
-------+----------+-------------------------------------------
     0 | D:1      | wildpjah the Barachi Fighter began the quest for the Orb.
     0 | D:1      | Reached XP level 1. HP: 18/18 MP: 1/1
   135 | D:1      | Reached XP level 2. HP: 20/25 MP: 2/2
   230 | D:1      | Reached skill level 3 in Long Blades
   387 | D:1      | Reached XP level 3. HP: 30/30 MP: 3/3
  1259 | D:2      | Reached XP level 4. HP: 37/37 MP: 4/4
  1509 | D:2      | Identified the +3 robe of Zilat {Str+4}
  1778 | D:3      | Reached skill level 4 in Long Blades
  1965 | D:3      | Reached skill level 1 in Dodging
  2001 | D:3      | Reached XP level 5. HP: 37/43 MP: 5/5
  2413 | D:4      | Noticed an ogre
  2417 | D:4      | Killed an ogre
  2418 | D:4      | Reached skill level 5 in Long Blades
  2418 | D:4      | Reached XP level 6. HP: 49/49 MP: 6/6
  2798 | D:5      | Entered Level 5 of the Dungeon
  2802 | D:5      | Noticed an ice beast
  2805 | D:5      | Killed an ice beast
  2806 | D:5      | Reached skill level 5 in Armour
  2829 | D:5      | Upgraded the game from 0.31-a0-983-g7b6862f502 to
                  | 0.31-a0-986-g5e6e4ef867
  2877 | D:5      | Found a staircase to the Ecumenical Temple.
  2882 | D:5      | Reached skill level 5 in Fighting
  2908 | D:5      | Noticed Pikel
  2918 | D:5      | Killed Pikel
  2919 | D:5      | Reached skill level 7 in Long Blades
  2919 | D:5      | Reached XP level 7. HP: 9/57 MP: 7/7
  2919 | D:5      | Reached XP level 8. HP: 11/64 MP: 8/8
  2930 | D:5      | Reached skill level 8 in Long Blades
  3117 | Temple   | Entered the Ecumenical Temple
  3138 | Temple   | Became a worshipper of Cheibriados the Contemplative
  3669 | D:6      | Found Hatemoig's Distillery.
  3676 | D:6      | Succumbed to a water moccasin's poison

Illustrated notes

Levels and vault maps discovered:
D:1:      giann_horns, layout_loops_ring, chequers_serial_rivers_room_b,
          grunt_decor_one_mirror
D:2:      layout_loops_cross, roderic_lattice_a, minmay_small_reverse_x
D:3:      layout_rooms
D:4:      layout_basic, st_stairs_7
D:5:      lemuel_ice_spiral_2, layout_basic, minmay_temple_entry_purple_smoke,
          lemuel_flame_loot_1, uniq_pikel
D:6:      layout_rooms, serial_shops, shop
Temple:   regret_index_temple_mists

Skill      XL: |  1  2  3  4  5  6  7  8 |
---------------+-------------------------+-----
Fighting       | 4 5 |  5.9
Long Blades    | 3 4 5 7 8 |  8.2
Armour         | 4 6 |  6.2
Dodging        | 1 2 |  2.3
Shields        | 4 |  4.1

Action                     |  1- 3 |  4- 6 |  7- 9 || total
---------------------------+-------+-------+-------++-------
  Melee: Long sword        |   133 |   122 |       ||   255
         Great sword       |       |    57 |    15 ||    72
Ability: Hop               |       |     1 |       ||     1
    Use: Potion            |       |       |     1 ||     1
 Armour: Scale mail        |   108 |   160 |    23 ||   291
  Dodge: Dodged            |    67 |   145 |     7 ||   219
  Block: Buckler           |    32 |    41 |       ||    73

Table legend: (Time is in decaauts)
 A = Elapsed time spent in this place.
 B = Non-inter-level travel time spent in this place.
 C = Inter-level travel time spent in this place.
 D = Time resting spent in this place.
 E = Time spent auto-exploring this place.
 F = Levels seen in this place.
 G = Mean time per level.
                   A        B        C        D        E       F      G
               +--------+--------+--------+--------+--------+-----+--------+
         Total |   4471 |   4255 |    216 |    176 |   3164 |   7 |  638.7 |
       Dungeon |   4414 |   4252 |    162 |    176 |   3164 |   6 |  735.7 |
        Temple |     56 |      3 |     53 |      0 |      0 |   1 |   56.0 |
               +--------+--------+--------+--------+--------+-----+--------+

Top non-repeatable levels by time:
     D:5: 1077 daAuts
     D:1: 1059 daAuts
     D:2: 1000 daAuts
     D:4: 658 daAuts
     D:3: 608 daAuts
  Temple: 56 daAuts
     D:6: 10 daAuts
